 Dungeon Crawl Stone Soup version 0.25-a0-1057-gcb8d101 (webtiles) character file.

Game seed: 7392571746748865351, levelgen mode: deterministic

190 BlueFish the Grasshopper (level 5, -3/35 HPs)
             Began as an Octopode Warper on May 14, 2020.
             Slain by an orc wizard
             ... wielding a +0 dagger
              (5 damage)
             ... on level 3 of the Dungeon.
             The game lasted 00:06:11 (2215 turns).

BlueFish the Grasshopper (Octopode Warper)          Turns: 2215, Time: 00:06:12

Health: -3/35      AC:  1    Str: 12    XL:     5   Next: 69%
Magic:  5/8        EV: 14    Int: 15    God:
Gold:   154        SH:  0    Dex: 11    Spells: 1/8 levels left

rFire    . . .     SeeInvis .     - Unarmed
rCold    . . .     Gourm    .   (no shield)
rNeg     . . .     Faith    .   (helmet restricted)
rPois    .         Spirit   .   (no amulet)
rElec    .         Reflect  .   (no ring)
rCorr    .         Harm     .   (no ring)
MR       .....                  (no ring)
Stlth    +++.......             (no ring)
HPRegen  0.11/turn              (no ring)
MPRegen  0.11/turn              (no ring)
                                (no ring)
                                (no ring)

@: no status effects
A: almost no armour, stealthy swim, amphibious, 8 rings, constrict 8, camouflage
1, gelatinous body 1
a: no special abilities


You were on level 3 of the Dungeon.
You were hungry.

You visited 1 branch of the dungeon, and saw 3 of its levels.

You collected 154 gold pieces.

Inventory:

Missiles
 c - 5 boomerangs of dispersal (quivered)
 f - 171 stones
 j - 7 poisoned darts
 n - 64 arrows
Scrolls
 b - a scroll of blinking
 i - 3 scrolls of teleportation
 o - a scroll of magic mapping
Potions
 a - 2 potions of magic
 e - a potion of curing {unknown}
 h - 2 potions of brilliance {unknown}
 k - a potion of resistance {unknown}
 l - a potion of heal wounds {unknown}
 m - a potion of cancellation {unknown}
Comestibles
 d - 7 rations
 g - a chunk of flesh


   Skills:
 * Level 2.4 Fighting
 * Level 1.8 Throwing
 * Level 3.3 Dodging
 * Level 1.9 Stealth
 * Level 3.2 Unarmed Combat
 + Level 2.4 Spellcasting
 + Level 0.3 Charms
 * Level 3.7 Translocations


You had one spell level left.
You knew the following spells:

 Your Spells              Type           Power        Failure   Level  Hunger
a - Shroud of Golubria    Chrm/Tloc      #.....       14%         2    ###....
b - Blink                 Tloc           N/A          7%          2    ###....
c - Lesser Beckoning      Tloc           ##........   14%         3    ###....

Your spell library contained the following spells:

 Spells                   Type           Power        Failure   Level  Hunger
 Apportation              Tloc           ##....       4%          1    #......
 Gell's Gravitas          Tloc           ##........   14%         3    ###....
 Teleport Other           Tloc           ##......     14%         3    ###....
 Passage of Golubria      Tloc           N/A          43%         4    #####..


Dungeon Overview and Level Annotations

Branches:
Dungeon (3/15)

Altars:
Gozag
Kikubaaqudgha
Nemelex Xobeh
Sif Muna
Vehumet
Zin


Innate Abilities, Weirdness & Mutations

You cannot wear most types of armour.
You are very stealthy in the water. (Stealth+)
You are amphibious.
You can wear up to eight rings at the same time.
You can use your tentacles to constrict eight enemies at once.
Your skin changes colour to match your surroundings (Stealth+).
Your rubbery body absorbs attacks. (AC +1, EV +1)


Message History

Your shroud begins to fray at the edges.
Casting: Shroud of Golubria (safe; 14% risk of failure)
Confirm with . or Enter, or press ? or * to list all spells.
You renew your shroud.
The orc wizard shouts!
You feel sick.
You closely miss the orc. You grab the orc. You constrict the orc.
The orc hits you with a +0 war axe!
* * * LOW HITPOINT WARNING * * *
Your shroud falls apart!
You tentacle-slap the orc.
You kill the orc!
Okay, then.
You tentacle-slap the orc wizard. Your grab misses the orc wizard.
You squeeze the orc wizard!
The orc wizard is severely wounded.
You feel sick.
You are no longer poisoned.
The orc wizard hits you with a +0 dagger.
You die...

,,...o...,,,* ***#.....,,** **
*#....,** ,*####...##########
,*.......).o......#######********
,,.....<.#######.........,,,,,,,,
**.###..#* #.########******** *,*
#..* #o# ************ *,* #.,*
#@# *,,,,,,,,,,, **,**#.,* #.#
*,********** ,,,,,.,,***###*#.#
*,* * **,*##*,,>,,..*#(# *,* *
**,* ******#.*#.# *,* ** **,*
#.##.### *,* *, **,* #......# *,*
*****, **,* #.)....###.# *,,,*,
**,*** ##.........# *,,,,,


You could see an orc wizard.

Vanquished Creatures
  A scorpion (D:2)
  A crimson imp (D:3)
  A worker ant (D:2)
  2 adders
  An ooze (D:1)
  2 worms (D:2)
  A dart slug (D:2)
  3 orcs (D:3)
  A ball python (D:3)
  9 bats
  A giant cockroach (D:3)
  4 goblins
  9 hobgoblins
  A quokka (D:2)
  A frilled lizard (D:1)
  5 kobolds
  8 rats
51 creatures vanquished.

Notes
Turn   | Place    | Note
-------+----------+-------------------------------------------
     0 | D:1      | BlueFish the Octopode Warper began the quest for the Orb.
     0 | D:1      | Reached XP level 1. HP: 14/14 MP: 3/3
   164 | D:1      | Reached XP level 2. HP: 17/19 MP: 5/5
   168 | D:1      | Learned a level 2 spell: Shroud of Golubria
   171 | D:1      | Learned a level 2 spell: Blink
   845 | D:2      | Reached XP level 3. HP: 23/24 MP: 6/6
   904 | D:2      | Noticed a scorpion
   956 | D:2      | Killed a scorpion
   956 | D:2      | Reached skill level 1 in Stealth
   956 | D:2      | Reached XP level 4. HP: 18/29 MP: 3/7
   964 | D:2      | Learned a level 3 spell: Lesser Beckoning
  1346 | D:2      | Reached XP level 5. HP: 35/35 MP: 5/8
  1428 | D:2      | Found a glowing silver altar of Zin.
  1428 | D:2      | Found an opulent altar of Gozag.
  1844 | D:3      | Found an ancient bone altar of Kikubaaqudgha.
  1844 | D:3      | Found a shimmering blue altar of Sif Muna.
  1848 | D:3      | Found a radiant altar of Vehumet.
  1852 | D:3      | Identified Sif Muna's Grimoire of Displacement
  2118 | D:3      | Found a sparkling altar of Nemelex Xobeh.
  2215 | D:3      | Slain by an orc wizard

Illustrated notes

Levels and vault maps discovered:
D:1:      minmay_arrival_radiant_lines, layout_loops_ring, minivault_25
D:2:      layout_basic, grunt_temple_overflow_gold_and_silver, first_ration
D:3:      minmay_spotlight, layout_loops_ring,
          grunt_temple_overflow_magic_moments, marbit_many_paths,
          nemelex_xobeh_ov_fountains_minmay

Skill      XL: |  1  2  3  4  5 |
---------------+----------------+-----
Dodging        | 3 |  3.3
Stealth        | 1 |  1.9
Unarmed Combat | 3 |  3.2
Fighting       | |  2.4
Throwing       | |  1.8
Spellcasting   | |  2.4
Charms         | |  0.3
Translocations | |  3.7

Action                   |  1- 3 |  4- 6 || total
-------------------------+-------+-------++-------
Melee: Unarmed           |    60 |    77 ||   137
       Constrict         |    15 |    18 ||    33
       Tentacles         |    14 |    10 ||    24
       Punch             |       |     4 ||     4
 Cast: Shroud of Golubri |     5 |    16 ||    21
  Use: Scroll            |     2 |     4 ||     6
 Stab: Sleeping          |     2 |     4 ||     6
  Eat: Chunk             |       |     5 ||     5
Armor: Skin              |     5 |     3 ||     8
Dodge: Dodged            |    31 |    40 ||    71

Table legend:
 A = Non-vault XP
 B = Vault XP
 C = Vault XP percentage of total XP
 D = Non-vault monster count
 E = Vault monster count
 F = Vault count percentage of total count
                 A         B        C        D         E       F
            +---------+---------+-------+---------+---------+-------
      Total |     271 |       1 |   0.4 |      50 |       1 |   2.0
            +---------+---------+-------+---------+---------+-------
        D:1 |      32 |       0 |   0.0 |      17 |       0 |   0.0
        D:2 |     155 |       0 |   0.0 |      19 |       0 |   0.0
        D:3 |      84 |       1 |   1.2 |      14 |       1 |   6.7
            +---------+---------+-------+---------+---------+-------
